Map: Oceanborn LE

Players

KeyTeslas - Winner!

  • Race: Zerg Zerg
  • League: Diamond
  • Spawn Location: 5:00

Sloppyshot

  • Race: Terran Terran
  • League: Diamond
  • Spawn Location: 11:00

VOD

Have the link to the VOD?

Description

Time

  • Played on: June 5, 2024, 11:28 p.m.
  • Length: 23:37
Show
View Real Time Build Order
Export as new Build Order

KeyTeslas Zerg - Winner!

Build Orders: Pool First 

Get SALT Encoding   

  12  0:00  Drone  
  13  0:12  Overlord  
  13  0:16  Drone  
  14  0:30  Drone x2  
  14  0:34  Drone  
  17  0:43  Extractor  
  17  0:44  Drone  
  17  0:49  Spawning Pool  
  16  0:55  Drone  
  17  1:10  Drone  
  18  1:18  Drone  
  19  1:21  Hatchery  
  18  1:36  Queen  
  18  1:37  Zergling x2  
  21  1:44  Zergling x2  
  22  1:49  Metabolic Boost  
  22  1:55  Overlord  
  22  2:13  Queen  
  22  2:15  Drone x2  
  26  2:43  Drone x4  
  29  2:53  Hatchery  
  29  2:58  Zergling x4  
  30  3:02  Zergling x2, Drone x2  
  33  3:14  Overlord  
  33  3:17  Drone x2  
  35  3:39  Drone x6  
  41  3:48  Overlord  
  41  3:55  Queen  
  43  4:09  Overlord  
  45  4:10  Drone x7  
  45  4:12  Queen x2  
  53  4:20  Overlord  
  53  4:23  Zergling x2  
  53  4:24  Zergling x2  
  55  4:30  Queen  
  57  4:38  Overlord  
  57  4:39  Roach Warren, Evolution Chamber  
  57  4:40  Evolution Chamber  
  57  4:43  Drone x5  
  59  4:53  Overlord  
  59  4:55  Lair, Queen  
  59  4:59  Drone  
  66  5:00  Drone x5  
  67  5:08  Extractor  
  66  5:18  Overlord  
  66  5:19  Drone  
  66  5:20  Drone x5  
  66  5:21  Queen  
  72  5:26  Spore Crawler  
  72  5:27  Spore Crawler  
  72  5:28  Spore Crawler, Drone x3  
  71  5:34  Overlord  
  74  5:36  Drone x4  
  78  5:43  Zerg Missile Weapons Level 1  
  78  5:47  Zerg Ground Armor Level 1  
  78  5:48  Drone x6  
  84  5:53  Extractor  
  84  5:54  Extractor  
  82  5:57  Extractor  
  82  6:00  Overlord x2  
  82  6:01  Drone  
  82  6:04  Extractor  
  81  6:09  Drone x3  
  84  6:13  Drone  
  84  6:16  Drone  
  86  6:18  Overlord  
  86  6:26  Overseer  
  86  6:30  Glial Reconstitution  
  86  6:34  Overlord  
  86  6:39  Roach x11  
  105  6:46  Hatchery  
  104  7:01  Overlord x6  
  104  7:10  Overlord  
  104  7:11  Roach x6  
  116  7:24  Overlord  
  116  7:26  Hatchery  
  116  7:28  Overlord  
  116  7:29  Roach x6  
  127  7:44  Overlord  
  127  7:45  Ravager  
  127  7:46  Ravager x9  
  127  7:47  Overlord  
  127  7:49  Roach x4  
  144  8:00  Zerg Missile Weapons Level 2  
  138  8:14  Overlord x3  
  138  8:16  Drone x10  
  148  8:31  Overlord  
  148  8:32  Roach x7  
  158  8:37  Overlord x2  
  150  8:41  Hatchery  
  150  8:46  Overlord  
  141  8:56  Overlord  
  141  9:00  Zerg Ground Armor Level 2  
  141  9:01  Overlord x2, Infestation Pit  
  141  9:02  Drone x3  
  143  9:03  Drone x5  
  143  9:04  Drone  
  143  9:05  Extractor  
  143  9:06  Extractor  
  143  9:09  Baneling Nest  
  146  9:15  Drone x3  
  149  9:19  Overlord  
  149  9:30  Overlord x2  
  149  9:36  Drone x3  
  149  9:38  Drone x3  
  155  9:48  Overlord  
  155  9:53  Centrifugal Hooks  
  155  9:54  Overlord  
  155  9:57  Extractor, Drone x3  
  155  9:58  Extractor  
  156  10:01  Overlord  
  156  10:03  Hive  
  156  10:05  Overlord  
  156  10:06  Drone x2  
  158  10:08  Overlord  
  158  10:09  Spore Crawler  
  158  10:10  Drone x7  
  158  10:13  Spine Crawler  
  163  10:14  Spine Crawler  
  163  10:15  Spine Crawler  
  163  10:16  Spine Crawler  
  163  10:17  Spine Crawler  
  163  10:19  Spine Crawler  
  163  10:20  Drone x4  
  163  10:21  Drone x5  
  167  10:22  Spine Crawler x3  
  167  10:24  Zerg Melee Weapons Level 1  
  167  10:25  Spine Crawler  
  167  10:27  Drone x2  
  167  10:28  Drone x3  
  168  10:43  Overlord  
  166  11:04  Overlord  
  166  11:09  Overlord  
  166  11:10  Zergling x54  
  170  11:21  Drone x3  
  173  11:30  Overlord x2  
  173  11:31  Viper x6  
  191  11:36  Overlord  
  191  11:37  Ultralisk Cavern  
  191  11:38  Drone  
  191  11:43  Spore Crawler  
  191  11:46  Spine Crawler  
  191  11:47  Spine Crawler  
  186  11:48  Spine Crawler  
  186  11:49  Overlord  
  177  12:02  Baneling x18  
  177  12:06  Spire  
  176  12:26  Baneling x11  
  176  12:29  Adrenal Glands  
  176  12:30  Zerg Melee Weapons Level 2  
  176  12:31  Zerg Ground Armor Level 3  
  176  12:32  Overlord x3  
  176  12:33  Chitinous Plating  
  176  12:42  Hatchery  
  176  12:43  Hatchery  
  174  12:59  Overlord  
  158  13:15  Overlord  
  158  13:18  Greater Spire  
  136  13:36  Ultralisk x10  
  136  13:37  Zergling x6  
  199  13:45  Pneumatized Carapace  
  199  13:46  Extractor  
  199  13:47  Overlord  
  198  13:49  Extractor  
  192  14:03  Zergling x2  
  192  14:04  Zergling x16  
  165  14:33  Corruptor x11  
  184  14:39  Zergling x32  
  200  14:50  Drone  
  188  15:02  Corruptor x6  
  182  15:08  Zerg Flyer Weapons Level 1  
  182  15:11  Spore Crawler  
  182  15:12  Anabolic Synthesis, Spire  
  182  15:13  Drone  
  163  15:16  Drone x12  
  175  15:31  Brood Lord x9  
  175  15:35  Brood Lord  
  195  15:38  Zergling x10  
  192  15:56  Overlord  
  179  15:59  Zergling x42  
  186  16:32  Zerg Flyer Armor Level 1  
  177  16:41  Baneling x18  
  177  16:42  Baneling x7  
  177  16:47  Drone x3  
  174  17:12  Overlord  
  170  17:16  Zergling x58  
  199  17:33  Extractor  
  199  17:35  Hatchery, Extractor  
  194  18:21  Corruptor x3  
  194  18:24  Zerg Flyer Weapons Level 2  
  200  18:52  Zerg Melee Weapons Level 3, Zerg Missile Weapons Level 3  
  194  19:01  Corruptor x5  
  193  19:17  Drone x3  
  193  19:20  Spore Crawler  
  193  19:21  Spore Crawler x2  
  193  19:22  Spore Crawler x3  
  190  19:38  Drone x3  
  193  19:53  Hatchery  
  192  20:07  Overlord  
  192  20:09  Corruptor x3  
  198  21:24  Hatchery  
  197  21:48  Extractor  
  197  21:50  Extractor x2  
  194  22:00  Drone x3  
  197  22:19  Overseer  
Show
View Real Time Build Order
Export as new Build Order

Sloppyshot Terran 

Build Orders: Reaper Expand 

Get SALT Encoding   

  12  0:00  SCV  
  13  0:12  SCV  
  14  0:17  Supply Depot  
  14  0:24  SCV  
  15  0:38  SCV  
  15  0:40  Barracks  
  16  0:45  Refinery  
  16  0:50  SCV  
  17  1:02  SCV  
  18  1:15  SCV  
  19  1:28  Orbital Command  
  19  1:30  Reaper  
  20  1:45  Supply Depot  
  20  1:55  SCV  
  20  1:59  Command Center  
  21  2:08  SCV, Marine  
  23  2:13  Factory  
  23  2:20  SCV  
  24  2:32  SCV  
  25  2:39  Barracks Reactor  
  26  2:44  SCV  
  26  2:56  SCV  
  27  3:08  SCV  
  28  3:13  Orbital Command  
  28  3:19  Starport  
  28  3:20  Refinery  
  28  3:24  Hellion  
  28  3:25  Hellion, Barracks Tech Lab  
  32  3:32  Orbital Command  
  31  3:46  Hellion  
  33  3:50  Hellion  
  33  3:51  SCV  
  33  4:03  SCV  
  33  4:07  Hellion  
  37  4:12  Hellion  
  37  4:15  SCV  
  38  4:21  Command Center  
  38  4:22  SCV  
  39  4:25  Barracks Reactor  
  39  4:27  SCV  
  39  4:29  Hellion  
  42  4:33  Hellion  
  42  4:34  SCV  
  45  4:39  SCV  
  45  4:45  Supply Depot  
  46  5:03  Barracks  
  46  5:04  Barracks  
  46  5:06  Banshee, Supply Depot  
  46  5:07  SCV x2  
  51  5:09  Supply Depot  
  51  5:13  Supply Depot  
  51  5:18  Marine x2  
  51  5:19  SCV  
  54  5:26  Refinery  
  54  5:28  SCV  
  55  5:29  Widow Mine x2  
  55  5:31  SCV  
  55  5:32  Engineering Bay  
  55  5:33  Engineering Bay  
  55  5:34  Orbital Command  
  60  5:36  Marine x2  
  60  5:40  SCV  
  63  5:44  Bunker  
  63  5:48  SCV  
  64  5:51  Banshee  
  64  5:52  SCV, Barracks Reactor  
  64  5:53  Barracks Tech Lab  
  64  5:54  Marine  
  69  6:00  SCV  
  69  6:04  Marine, SCV  
  71  6:05  SCV  
  73  6:11  Marine  
  73  6:12  SCV, Refinery  
  73  6:16  SCV  
  73  6:17  SCV  
  77  6:19  Stimpack, Marine  
  77  6:21  Marine  
  77  6:24  SCV  
  80  6:29  SCV x2, Marine  
  80  6:31  Factory Tech Lab  
  83  6:36  SCV  
  83  6:37  Marine, Orbital Command  
  83  6:39  Marine  
  84  6:43  Terran Infantry Weapons Level 1  
  84  6:44  Terran Infantry Armor Level 1  
  84  6:47  Missile Turret  
  81  7:00  SCV x2  
  83  7:04  SCV  
  83  7:07  Siege Tank  
  87  7:08  Bunker  
  87  7:12  SCV x2  
  87  7:14  Marine x4  
  93  7:17  Barracks  
  93  7:18  Supply Depot  
  93  7:30  Refinery  
  93  7:36  Armory  
  93  7:39  Marine x3  
  93  7:40  Medivac, SCV x3, Supply Depot x2  
  93  7:43  Supply Depot  
  101  7:58  Combat Shield  
  101  8:01  Marine x2, Medivac  
  101  8:02  SCV x3, Siege Tank, Marine x2, Marauder  
  115  8:10  Medivac  
  117  8:14  SCV x3  
  117  8:15  Refinery  
  117  8:19  Marine x3  
  120  8:24  Marauder  
  120  8:26  SCV x2  
  119  8:31  Medivac  
  91  8:34  Orbital Command, Marine  
  91  8:37  Marine x3  
  91  8:39  Medivac  
  94  8:45  Marauder  
  89  8:52  Siege Tank, Marine  
  89  8:55  Marine x3, Terran Infantry Weapons Level 2  
  95  8:56  Terran Infantry Armor Level 2  
  95  8:59  Armory  
  96  9:05  Orbital Command  
  96  9:06  Marauder  
  96  9:08  Marine  
  96  9:09  Concussive Shells  
  99  9:10  Marine  
  99  9:13  Marine  
  101  9:38  Medivac, SCV  
  101  9:41  Missile Turret  
  101  9:43  Refinery  
  101  10:17  Bunker, Supply Depot  
  101  10:22  Supply Depot  
  101  10:25  Supply Depot  
  101  10:27  Supply Depot  
  101  10:31  Barracks  
  101  10:34  Medivac, SCV x2  
  101  10:35  Marauder x2  
  109  10:39  Marine x4, SCV  
  114  10:47  SCV x2  
  114  10:51  SCV  
  114  10:54  Barracks  
  114  10:56  Marauder x2  
  114  10:57  Marine x4, Siege Tank  
  117  10:59  Barracks, SCV x2  
  117  11:01  Missile Turret  
  117  11:03  SCV  
  121  11:07  Command Center  
  121  11:11  SCV x2  
  120  11:14  Marine x4  
  120  11:17  Marauder x2  
  126  11:28  Barracks Reactor  
  126  11:32  Marine x4  
  125  11:33  SCV x3  
  125  11:37  Supply Depot  
  125  11:39  Marauder x2  
  136  11:45  SCV x2  
  136  11:46  SCV  
  139  11:50  Marine x4  
  133  11:57  SCV  
  133  11:58  SCV, Barracks Reactor  
  133  12:00  Barracks Reactor, Marauder x2  
  130  12:03  Barracks Tech Lab  
  130  12:08  Marine x4  
  133  12:12  Supply Depot  
  133  12:17  Supply Depot, Marine x2  
  133  12:19  Command Center  
  133  12:21  Marine  
  133  12:22  Marauder  
  138  12:24  Supply Depot  
  138  12:25  Supply Depot  
  138  12:26  Marine x4  
  138  12:27  Terran Infantry Weapons Level 3, Terran Infantry Armor Level 3  
  142  12:34  Marine  
  142  12:35  Marine, Missile Turret  
  144  12:39  Marauder  
  144  12:43  Refinery, Marauder, Marine x4  
  152  12:49  Supply Depot  
  152  12:50  Marine, Marauder  
  155  12:52  Marine x2  
  157  13:01  Marauder, Marine x3  
  157  13:04  Marauder  
  164  13:07  Marine x3  
  164  13:10  Marine x2, Ghost Academy  
  164  13:11  Marauder  
  165  13:19  Marine x2  
  162  13:22  Marauder  
  162  13:23  Marine  
  162  13:25  Marine x3  
  162  13:26  Marauder  
  160  13:28  Marine x2  
  160  13:33  Marauder  
  162  13:37  Marine x2  
  162  13:40  Medivac x2, Marine  
  162  13:41  Widow Mine  
  171  13:43  Marine  
  171  13:44  Marauder  
  171  13:47  Marauder  
  176  13:54  Marauder  
  178  14:02  Widow Mine  
  178  14:05  Marauder  
  178  14:09  Marauder, Liberator  
  179  14:10  Liberator  
  179  14:11  Orbital Command  
  179  14:15  Planetary Fortress  
  179  14:16  Marauder  
  138  14:52  Liberator x2  
  126  14:53  Siege Tank  
  126  14:54  Marine x7, Marauder x2  
  126  14:55  Marine, Marauder  
  116  15:12  Marine x8  
  119  15:16  Marauder x3  
  119  15:20  Refinery  
  125  15:29  Marine  
  125  15:30  Terran Ship Weapons Level 1  
  125  15:32  Command Center  
  125  15:35  Liberator  
  126  15:37  Marauder x3  
  126  15:38  Marine x4  
  126  15:39  Marine x3  
  142  15:47  Marine  
  137  15:58  Marauder  
  137  15:59  Marauder x2  
  140  16:09  Viking  
  135  16:14  Orbital Command  
  135  16:17  Marine x8  
  135  16:18  Viking  
  125  16:19  Marine x2  
  125  16:20  Marine  
  114  16:29  Siege Tank  
  115  16:34  Marine  
  115  16:35  Marine x7  
  115  16:37  Starport  
  115  16:39  Viking  
  124  16:43  Ghost  
  124  16:44  Personal Cloaking  
  126  16:48  Supply Depot, Medivac  
Tags
 
Add a new tag
Caveats
  • Supply blocks, unpowered buildings, or Contaminate may cause inaccurate times.
  • Supply counts are checked every 10 seconds.